Remparts vs Influenza
Created - April 24, 2019 at 19:02
Goals
|
Remparts |
0 |
1 |
1 |
2 |
Influenza |
3 |
0 |
1 |
4 |
|
Shots
|
Remparts |
7 |
11 |
3 |
21 |
Influenza |
25 |
6 |
7 |
38 |
|
1st period
1. Influenza , Jimmy Vesey 42 (Anthony Mantha 11, Jake Guentzel 36) at 4:11
2. Influenza , Jimmy Vesey 43 (Jake Guentzel 37) at 5:08
3. Influenza , Mathieu Carle 11 (Zac Dalpe 9, Lucas Lessio 8) at 16:46
Penalties :
Mathieu Carle (VJB) for Holding (Minor) at 0:17, Nail Yakupov (Que) for Tripping (Minor) at 7:36, Lucas Lessio (VJB) for Hooking (Minor) at 12:05, Pontus Aberg (Que) for Hooking (Minor) at 18:11, Mathieu Carle (VJB) for Hooking (Minor) at 18:25
2nd period
4. Remparts , Justin Williams 20 (Griffin Reinhart 30, Brandon Gormley 74) at 2:06
Penalties :
Zac Dalpe (VJB) for Holding (Minor) at 17:19
3rd period
5. Remparts , Ryan Strome 29 (Brandon Mashinter 33, Daniel Paille 42) at 2:11 (PP)
6. Influenza , Jake Guentzel 24 (Jimmy Vesey 62) at 15:29
Penalties :
Dmitry Sinitsyn (VJB) for Roughing (Minor) at 1:28, Michal Jordan (Que) for Hooking (Minor) at 3:41, Tim Erixon (VJB) for Holding (Minor) at 16:21
Goalie Stats
Jason Missiaen (Que), 34 saves from 38 shots - (0.895), L, 29-21-2, 60:00 minutes
Tyson Sexsmith (VJB), 19 saves from 21 shots - (0.905), W, 10-8-1, 60:00 minutes
Players Stats for Remparts
Player Name G A P +/- PIM S H SB GA TA FO MP PP MP PK MP
------------------------------------------------------------------------------------
Anton Zlobin 0 0 0 0 0 0 0 0 0 0 0/0 6:36 0:00 0:00
Brandon Gormley 0 1 1 0 0 3 2 1 1 0 0/0 28:11 5:21 1:39
Brandon Mashinter 0 1 1 -1 0 1 1 0 1 0 4/10 16:45 3:59 0:58
Chris Mueller 0 0 0 0 0 0 2 0 0 0 4/6 11:05 0:00 0:00
Daniel Paille 0 1 1 -1 0 2 1 1 1 0 0/0 19:06 3:59 1:56
Erik Gustafsson 0 0 0 0 0 5 3 0 0 1 0/0 25:49 5:21 1:32
Griffin Reinhart 0 1 1 -3 0 1 0 1 0 0 0/0 24:29 3:32 1:42
Justin Williams 1 0 1 0 0 3 0 0 0 0 0/0 11:38 0:03 0:00
Matt Puempel 0 0 0 0 0 0 0 2 0 0 0/1 11:44 0:00 0:39
Max Reinhart 0 0 0 -2 0 1 3 1 0 2 11/32 23:52 4:51 2:23
Michal Jordan 0 0 0 -3 2 1 1 0 0 2 0/0 23:43 3:32 0:58
Mitchell Heard 0 0 0 0 0 1 1 0 0 1 1/4 8:04 0:03 0:51
Nail Yakupov 0 0 0 -2 2 1 1 2 0 0 0/0 20:10 4:41 0:18
Niklas Hansson 0 0 0 0 0 0 2 2 0 0 0/0 15:59 0:00 2:33
Pontus Aberg 0 0 0 -2 2 0 3 0 0 1 0/2 19:52 4:51 0:00
Roberts Lipsbergs 0 0 0 0 0 1 2 1 0 0 1/1 7:58 0:03 1:19
Ryan Strome 1 0 1 -1 0 1 4 0 1 0 0/1 18:25 4:09 0:00
Viktor Baldayev 0 0 0 0 0 0 0 0 0 1 0/0 0:34 0:00 0:00
Players Stats for Influenza
Player Name G A P +/- PIM S H SB GA TA FO MP PP MP PK MP
------------------------------------------------------------------------------------
Andre Burakovsky 0 0 0 -1 0 3 2 1 3 0 1/1 11:15 0:00 1:11
Anthony Mantha 0 1 1 3 0 4 0 0 0 0 2/3 16:12 1:29 0:00
Calvin de Haan 0 0 0 0 0 1 1 0 0 2 0/0 26:39 2:53 5:23
Dmitry Sinitsyn 0 0 0 1 2 2 1 0 0 1 0/0 14:20 0:00 0:14
Jake Guentzel 1 2 3 3 0 2 3 2 0 0 12/19 17:56 0:00 2:41
Jeff Corbett 0 0 0 1 0 0 1 0 0 0 0/0 14:39 0:00 2:25
Jimmy Vesey 2 1 3 3 0 6 2 0 0 1 0/1 18:56 1:29 2:12
Johan Larsson 0 0 0 0 0 0 1 0 0 0 0/0 7:26 0:15 0:44
Jordan Schroeder 0 0 0 0 0 2 0 0 1 0 2/2 10:10 0:31 1:26
Josh Andrerson 0 0 0 0 0 0 2 0 0 0 0/0 6:27 0:00 0:00
Justin Bailey 0 0 0 1 0 1 0 0 0 0 0/1 13:54 1:57 0:00
Lucas Lessio 0 1 1 1 2 2 2 0 0 0 1/2 15:54 2:03 1:28
Mark Olver 0 0 0 -1 0 2 0 0 2 0 5/8 18:59 2:03 4:29
Mathieu Carle 1 0 1 0 4 6 1 1 1 0 0/0 23:47 2:52 3:54
Paul Ladue 0 0 0 2 0 3 2 2 0 0 0/0 21:20 1:19 3:30
Tim Erixon 0 0 0 2 2 1 1 1 1 0 0/0 20:05 1:19 2:20
Tom Kuhnhackl 0 0 0 -1 0 1 0 0 0 0 1/1 11:21 0:40 0:00
Zac Dalpe 0 1 1 1 2 2 3 1 0 0 12/19 19:55 2:09 3:35
3 Stars
1 - Jimmy Vesey (VJB)
2 - Jake Guentzel (VJB)
3 - Anthony Mantha (VJB)
Power Play
Remparts - 1 on 7 Attempt(s) - 14.29%
Influenza - 0 on 2 Attempt(s) - 0.00%
Penalty Kill
Remparts - 2 on 2 Attempt(s) - 100.00%
- Score 0 goal in Penalty Kill
Influenza - 6 on 7 Attempt(s) - 85.71%
- Score 0 goal in Penalty Kill
Team Stat
Remparts - Hits : 26 - Faceoff Wins : 21 - Blocked Shots : 11 - Penalty Minutes : 6
Influenza - Hits : 22 - Faceoff Wins : 36 - Blocked Shots : 8 - Penalty Minutes : 12
Official
Referees : Unknown
Linesman : Unknown
Game Notes
Viktor Baldayev is injured at 3:20 of 1st period (Sprained Right Finger)
Andre Burakovsky is injured at 11:01 of 3rd period (Strained Right Elbow)
15:52 of 3rd period - Penalty Shot by Jake Guentzel for Influenza - Shot Misses the Net
Finance
Level 1 -- Attendance: 1476 (73.80%) -- Ticket Income $59,040
Level 2 -- Attendance: 812 (81.20%) -- Ticket Income $16,240
Total Attendance: 2288 (76.27%)
Total Ticket Income: $75,280
Other Income: $3,764
Total Income: $79,044
Remparts
5 vs 5 Forward
Center Left Wing Right Wing Time % Phy DF OF
1 Max Reinhart Pontus Aberg Nail Yakupov 40 1 2 2
2 Brandon Mashinter Daniel Paille Ryan Strome 30 1 2 2
3 Chris Mueller Matt Puempel Justin Williams 20 1 2 2
4 Mitchell Heard Roberts Lipsbergs Anton Zlobin 10 1 2 2
5 vs 5 Defense
Defense Defense Time % Phy DF OF
1 Brandon Gormley Erik Gustafsson 40 1 2 2
2 Griffin Reinhart Michal Jordan 30 1 2 2
3 Niklas Hansson Viktor Baldayev 20 1 2 2
4 Brandon Gormley Michal Jordan 10 1 2 2
PowerPlay Forward
Center Left Wing Right Wing Time % Phy DF OF
1 Max Reinhart Pontus Aberg Nail Yakupov 60 1 2 2
2 Brandon Mashinter Daniel Paille Ryan Strome 40 1 2 2
PowerPlay Defense
Defense Defense Time % Phy DF OF
1 Brandon Gormley Erik Gustafsson 60 1 2 2
2 Michal Jordan Griffin Reinhart 40 1 2 2
Penalty Kill 4 Players Forward
Center Wing Time % Phy DF OF
1 Max Reinhart Daniel Paille 60 1 2 2
2 Brandon Mashinter Nail Yakupov 40 1 2 2
Penalty Kill 4 Players Defense
Defense Defense Time % Phy DF OF
1 Brandon Gormley Niklas Hansson 60 1 2 2
2 Michal Jordan Erik Gustafsson 40 1 2 2
Penalty Kill - 3 Players Forward
Forward Time % Phy DF OF
1 Max Reinhart 60 1 2 2
2 Brandon Mashinter 40 1 2 2
Penalty Kill - 3 Players Defense
Defense Defense Time % Phy DF OF
1 Brandon Gormley Niklas Hansson 60 1 2 2
2 Michal Jordan Erik Gustafsson 40 1 2 2
4 vs 4 Forward
Center Wing Time % Phy DF OF
1 Max Reinhart Pontus Aberg 60 1 2 2
2 Brandon Mashinter Nail Yakupov 40 1 2 2
4 vs 4 Defense
Defense Defense Time % Phy DF OF
1 Brandon Gormley Erik Gustafsson 60 1 2 2
2 Michal Jordan Griffin Reinhart 40 1 2 2
Last Minutes Offensive
Center Left Wing Right Wing Defense Defense
Max Reinhart Pontus Aberg Nail Yakupov Brandon Gormley Erik Gustafsson
Last Minutes Defensive
Center Left Wing Right Wing Defense Defense
Max Reinhart Daniel Paille Justin Williams Brandon Gormley Niklas Hansson
Goaltenders
Starting : Jason Missiaen
Backup : Tyler Plante
Extra Forwards
Normal : Ryan Strome, Pontus Aberg, Max Reinhart - PP : Nail Yakupov, Pontus Aberg - PK : Brandon Mashinter
Extra Defensemen
Normal : Griffin Reinhart, Brandon Gormley, Michal Jordan - PP : Griffin Reinhart - PK : Griffin Reinhart, Michal Jordan
Penalty Shots
Daniel Paille, Nail Yakupov, Max Reinhart, Ryan Strome, Pontus Aberg
Scratches
Juuso Ikonen (Healthy), Michael Downing (Healthy), Keaton Thompson (Healthy), Kyle Platzer (Healthy), Connor Honey (Healthy)
Tim Bozon (Healthy), Igor Bobkov (Healthy), François Brassard (Healthy)
Influenza
5 vs 5 Forward
Center Left Wing Right Wing Time % Phy DF OF
1 Jake Guentzel Jimmy Vesey Anthony Mantha 40 1 2 2
2 Zac Dalpe Lucas Lessio Justin Bailey 30 1 2 2
3 Mark Olver Andre Burakovsky Tom Kuhnhackl 20 1 2 2
4 Jordan Schroeder Johan Larsson Josh Andrerson 10 1 2 2
5 vs 5 Defense
Defense Defense Time % Phy DF OF
1 Mathieu Carle Calvin de Haan 40 1 2 2
2 Paul Ladue Tim Erixon 30 1 2 2
3 Dmitry Sinitsyn Jeff Corbett 20 1 2 2
4 Mathieu Carle Calvin de Haan 10 1 2 2
PowerPlay Forward
Center Left Wing Right Wing Time % Phy DF OF
1 Zac Dalpe Jimmy Vesey Anthony Mantha 60 1 2 2
2 Mark Olver Lucas Lessio Justin Bailey 40 1 2 2
PowerPlay Defense
Defense Defense Time % Phy DF OF
1 Mathieu Carle Calvin de Haan 60 1 2 2
2 Paul Ladue Tim Erixon 40 1 2 2
Penalty Kill 4 Players Forward
Center Wing Time % Phy DF OF
1 Zac Dalpe Mark Olver 60 1 2 2
2 Jimmy Vesey Jake Guentzel 40 1 2 2
Penalty Kill 4 Players Defense
Defense Defense Time % Phy DF OF
1 Mathieu Carle Calvin de Haan 60 1 2 2
2 Paul Ladue Tim Erixon 40 1 2 2
Penalty Kill - 3 Players Forward
Forward Time % Phy DF OF
1 Zac Dalpe 60 1 2 2
2 Mark Olver 40 1 2 2
Penalty Kill - 3 Players Defense
Defense Defense Time % Phy DF OF
1 Mathieu Carle Calvin de Haan 60 1 2 2
2 Paul Ladue Tim Erixon 40 1 2 2
4 vs 4 Forward
Center Wing Time % Phy DF OF
1 Zac Dalpe Mark Olver 60 1 2 2
2 Jimmy Vesey Jake Guentzel 40 1 2 2
4 vs 4 Defense
Defense Defense Time % Phy DF OF
1 Mathieu Carle Calvin de Haan 60 1 2 2
2 Paul Ladue Tim Erixon 40 1 2 2
Last Minutes Offensive
Center Left Wing Right Wing Defense Defense
Zac Dalpe Jimmy Vesey Anthony Mantha Mathieu Carle Calvin de Haan
Last Minutes Defensive
Center Left Wing Right Wing Defense Defense
Zac Dalpe Jimmy Vesey Anthony Mantha Mathieu Carle Calvin de Haan
Goaltenders
Starting : Tyson Sexsmith
Backup : Jeremy Duchesne
Extra Forwards
Normal : Jordan Schroeder, Tom Kuhnhackl, Andre Burakovsky - PP : Jordan Schroeder, Tom Kuhnhackl - PK : Andre Burakovsky
Extra Defensemen
Normal : Dmitry Sinitsyn, Jeff Corbett, Paul Ladue - PP : Dmitry Sinitsyn - PK : Jeff Corbett, Paul Ladue
Penalty Shots
Zac Dalpe, Mark Olver, Jimmy Vesey, Jake Guentzel, Jordan Schroeder
Scratches
Jacob Josefson (Healthy), Shane Prince (Healthy), Jamie Devane (Healthy), Henri Ikonen (Healthy), Fredric Larsson (Healthy)
Beau Bennett (Right Leg Injury), Rocco Grimaldi (Healthy), Jesse Graham (Healthy), Luca Sbisa (Healthy), Jamie Phillips (Healthy)
% Time on Ice - Remparts
Lines # - Real PCT - Wanted PCT - Time Play
Normal Forward
1 - 35% - 40% - 15:41
2 - 26% - 30% - 11:48
3 - 25% - 20% - 11:05
4 - 15% - 10% - 6:36
Normal Defense
1 - 36% - 40% - 16:26
2 - 32% - 30% - 14:21
3 - 30% - 20% - 13:44
4 - 1% - 10% - 0:39
PP Forward
1 - 55% - 60% - 4:54
2 - 45% - 40% - 3:59
PP Defense
1 - 60% - 60% - 5:21
2 - 40% - 40% - 3:32
PK Forward
1 - 77% - 60% - 3:14
2 - 23% - 40% - 0:58
PK Defense
1 - 41% - 60% - 1:43
2 - 59% - 40% - 2:29
PK3 Forward
1 - 0% - 60%
2 - 0% - 40%
PK3 Defense
1 - 0% - 60%
2 - 0% - 40%
44 Forward
1 - 100% - 60% - 1:45
2 - 0% - 40% - 0:00
44 Defense
1 - 65% - 60% - 1:08
2 - 35% - 40% - 0:37
Last Minute Offensive - 0:00
Last Minute Defensive - 0:00
Total
Forward - 60:00
Defense - 60:00
|
% Time on Ice - Influenza
Lines # - Real PCT - Wanted PCT - Time Play
Normal Forward
1 - 37% - 40% - 16:36
2 - 26% - 30% - 11:44
3 - 23% - 20% - 10:23
4 - 14% - 10% - 6:27
Normal Defense
1 - 37% - 40% - 16:41
2 - 36% - 30% - 16:07
3 - 27% - 20% - 12:00
4 - 1% - 10% - 0:22
PP Forward
1 - 51% - 60% - 2:09
2 - 49% - 40% - 2:03
PP Defense
1 - 69% - 60% - 2:53
2 - 31% - 40% - 1:19
PK Forward
1 - 75% - 60% - 6:41
2 - 25% - 40% - 2:12
PK Defense
1 - 61% - 60% - 5:23
2 - 39% - 40% - 3:30
PK3 Forward
1 - 0% - 60%
2 - 0% - 40%
PK3 Defense
1 - 0% - 60%
2 - 0% - 40%
44 Forward
1 - 70% - 60% - 1:14
2 - 30% - 40% - 0:31
44 Defense
1 - 77% - 60% - 1:21
2 - 23% - 40% - 0:24
Last Minute Offensive - 0:00
Last Minute Defensive - 0:00
Total
Forward - 60:00
Defense - 60:00
|
Play-by-Play
1st period
0:01 of 1st period - Jake Guentzel wins face-off versus Max Reinhart in neutral zone.
0:06 of 1st period - Snap shot by Jimmy Vesey.
0:06 of 1st period - Shot Misses the Net.
0:08 of 1st period - Wrist shot by Anthony Mantha.
0:08 of 1st period - Stopped by Jason Missiaen without a rebound.
0:09 of 1st period - Max Reinhart wins face-off versus Anthony Mantha in Remparts zone.
0:17 of 1st period - Minor Penalty to Mathieu Carle for Holding.
0:18 of 1st period - Max Reinhart wins face-off versus Mark Olver in Influenza zone.
0:28 of 1st period - Wrist shot by Pontus Aberg.
0:28 of 1st period - Shot Misses the Net.
0:30 of 1st period - Slapshot by Erik Gustafsson.
0:30 of 1st period - Stopped by Tyson Sexsmith with a rebound.
0:32 of 1st period - Slapshot by Brandon Gormley.
0:32 of 1st period - Shot Misses the Net.
0:44 of 1st period - Brandon Mashinter is hit by Jake Guentzel and loses puck.
1:15 of 1st period - Tim Erixon is hit by Pontus Aberg and loses puck.
1:40 of 1st period - Calvin de Haan is hit by Ryan Strome and loses puck.
2:17 of 1st period - Penalty to Mathieu Carle is over, Mathieu Carle is back on ice.
2:37 of 1st period - Wrist shot by Lucas Lessio.
2:37 of 1st period - Shot Misses the Net.
2:46 of 1st period - Slapshot by Mathieu Carle.
2:46 of 1st period - Stopped by Jason Missiaen without a rebound.
2:47 of 1st period - Jordan Schroeder wins face-off versus Chris Mueller in Remparts zone.
3:19 of 1st period - Viktor Baldayev is hit by Josh Andrerson and loses puck.
3:20 of 1st period - Viktor Baldayev from Remparts is injured at 3:20 of 1st period (Sprained Right Finger).
3:21 of 1st period - Brandon Mashinter wins face-off versus Zac Dalpe in Remparts zone.
3:29 of 1st period - Off-side.
3:30 of 1st period - Brandon Mashinter wins face-off versus Zac Dalpe in neutral zone.
3:32 of 1st period - Off-side.
3:33 of 1st period - Zac Dalpe wins face-off versus Max Reinhart in neutral zone.
3:40 of 1st period - Snap shot by Zac Dalpe.
3:40 of 1st period - Shot Misses the Net.
4:05 of 1st period - Slapshot by Tim Erixon.
4:05 of 1st period - Stopped by Jason Missiaen without a rebound.
4:06 of 1st period - Jake Guentzel wins face-off versus Brandon Mashinter in Remparts zone.
4:09 of 1st period - Snap shot by Jake Guentzel.
4:09 of 1st period - Deflect By Anthony Mantha.
4:09 of 1st period - Stopped by Jason Missiaen with a rebound.
4:11 of 1st period - Slapshot by Jimmy Vesey.
4:11 of 1st period - Goal by Jimmy Vesey - Remparts : 0 - Influenza : 1.
4:12 of 1st period - Jake Guentzel wins face-off versus Brandon Mashinter in neutral zone.
4:37 of 1st period - Max Reinhart is hit by Zac Dalpe and loses puck.
4:58 of 1st period - Wrist shot by Mark Olver.
4:58 of 1st period - Stopped by Jason Missiaen with a rebound.
5:00 of 1st period - Slapshot by Mathieu Carle.
5:00 of 1st period - Stopped by Jason Missiaen with a rebound.
5:02 of 1st period - Slapshot by Mathieu Carle.
5:02 of 1st period - Shot Misses the Net.
5:04 of 1st period - Snap shot by Mark Olver.
5:04 of 1st period - Deflect By Andre Burakovsky.
5:04 of 1st period - Shot Blocked by Brandon Gormley.
5:04 of 1st period - Puck is out of play.
5:05 of 1st period - Jake Guentzel wins face-off versus Max Reinhart in Remparts zone.
5:08 of 1st period - Slapshot by Jimmy Vesey.
5:08 of 1st period - Goal by Jimmy Vesey - Remparts : 0 - Influenza : 2.
5:09 of 1st period - Mitchell Heard wins face-off versus Jake Guentzel in neutral zone.
5:12 of 1st period - Slapshot by Brandon Gormley.
5:12 of 1st period - Stopped by Tyson Sexsmith with a rebound.
5:14 of 1st period - Slapshot by Erik Gustafsson.
5:14 of 1st period - Stopped by Tyson Sexsmith with a rebound.
5:16 of 1st period - Slapshot by Erik Gustafsson.
5:16 of 1st period - Stopped by Tyson Sexsmith with a rebound.
5:18 of 1st period - Wrist shot by Erik Gustafsson.
5:18 of 1st period - Stopped by Tyson Sexsmith with a rebound.
5:20 of 1st period - Slapshot by Brandon Gormley.
5:20 of 1st period - Stopped by Tyson Sexsmith with a rebound.
5:34 of 1st period - Tim Erixon is hit by Erik Gustafsson.
5:38 of 1st period - Brandon Mashinter is hit by Jake Guentzel and loses puck.
5:45 of 1st period - Slapshot by Jake Guentzel.
5:45 of 1st period - Shot Blocked by Daniel Paille.
5:47 of 1st period - Snap shot by Anthony Mantha.
5:47 of 1st period - Stopped by Jason Missiaen with a rebound.
6:09 of 1st period - Wrist shot by Jake Guentzel.
6:09 of 1st period - Shot Hit the Post.
6:15 of 1st period - Slapshot by Mathieu Carle.
6:15 of 1st period - Shot Misses the Net.
7:03 of 1st period - Wrist shot by Jake Guentzel.
7:03 of 1st period - Deflect By Jimmy Vesey.
7:03 of 1st period - Stopped by Jason Missiaen with a rebound.
7:05 of 1st period - Wrist shot by Anthony Mantha.
7:05 of 1st period - Stopped by Jason Missiaen with a rebound.
7:09 of 1st period - Wrist shot by Jimmy Vesey.
7:09 of 1st period - Stopped by Jason Missiaen with a rebound.
7:11 of 1st period - Slapshot by Calvin de Haan.
7:11 of 1st period - Shot Misses the Net.
7:13 of 1st period - Slapshot by Mathieu Carle.
7:13 of 1st period - Shot Misses the Net.
7:15 of 1st period - Slapshot by Paul Ladue.
7:15 of 1st period - Stopped by Jason Missiaen without a rebound.
7:16 of 1st period - Zac Dalpe wins face-off versus Max Reinhart in Remparts zone.
7:17 of 1st period - Slapshot by Paul Ladue.
7:17 of 1st period - Stopped by Jason Missiaen without a rebound.
7:18 of 1st period - Zac Dalpe wins face-off versus Max Reinhart in Remparts zone.
7:31 of 1st period - Wrist shot by Zac Dalpe.
7:31 of 1st period - Stopped by Jason Missiaen with a rebound.
7:36 of 1st period - Minor Penalty to Nail Yakupov for Tripping.
7:37 of 1st period - Mark Olver wins face-off versus Max Reinhart in Remparts zone.
7:48 of 1st period - Snap shot by Calvin de Haan.
7:48 of 1st period - Stopped by Jason Missiaen with a rebound.
7:50 of 1st period - Slapshot by Mathieu Carle.
7:50 of 1st period - Stopped by Jason Missiaen with a rebound.
7:52 of 1st period - Wrist shot by Lucas Lessio.
7:52 of 1st period - Shot Misses the Net.
9:19 of 1st period - Michal Jordan is hit by Mathieu Carle and loses puck.
9:36 of 1st period - Penalty to Nail Yakupov is over, Nail Yakupov is back on ice.
9:48 of 1st period - Mitchell Heard is hit by Johan Larsson and loses puck.
10:28 of 1st period - Tim Erixon is hit by Roberts Lipsbergs and loses puck.
11:30 of 1st period - Icing by Tim Erixon.
11:31 of 1st period - Roberts Lipsbergs wins face-off versus Jake Guentzel in Influenza zone.
11:38 of 1st period - Snap shot by Jimmy Vesey.
11:38 of 1st period - Shot Blocked by Niklas Hansson.
12:05 of 1st period - Minor Penalty to Lucas Lessio for Hooking.
12:06 of 1st period - Zac Dalpe wins face-off versus Max Reinhart in Influenza zone.
13:23 of 1st period - Paul Ladue is hit by Pontus Aberg and loses puck.
14:05 of 1st period - Penalty to Lucas Lessio is over, Lucas Lessio is back on ice.
14:23 of 1st period - Dmitry Sinitsyn is hit by Mitchell Heard and loses puck.
14:36 of 1st period - Jeff Corbett is hit by Chris Mueller and loses puck.
15:25 of 1st period - Brandon Gormley is hit by Josh Andrerson and loses puck.
15:36 of 1st period - Mark Olver is hit by Brandon Gormley and loses puck.
15:49 of 1st period - Daniel Paille is hit by Tim Erixon and loses puck.
16:26 of 1st period - Icing by Mitchell Heard.
16:27 of 1st period - Mark Olver wins face-off versus Mitchell Heard in Remparts zone.
16:32 of 1st period - Slapshot by Calvin de Haan.
16:32 of 1st period - Shot Misses the Net.
16:34 of 1st period - Slapshot by Mathieu Carle.
16:34 of 1st period - Stopped by Jason Missiaen without a rebound.
16:35 of 1st period - Zac Dalpe wins face-off versus Pontus Aberg in Remparts zone.
16:44 of 1st period - Snap shot by Zac Dalpe.
16:44 of 1st period - Stopped by Jason Missiaen with a rebound.
16:46 of 1st period - Slapshot by Mathieu Carle.
16:46 of 1st period - Goal by Mathieu Carle - Remparts : 0 - Influenza : 3.
16:47 of 1st period - Max Reinhart wins face-off versus Zac Dalpe in neutral zone.
17:00 of 1st period - Slapshot by Nail Yakupov.
17:00 of 1st period - Deflect By Max Reinhart.
17:00 of 1st period - Stopped by Tyson Sexsmith with a rebound.
17:02 of 1st period - Backhand shot by Nail Yakupov.
17:02 of 1st period - Shot Misses the Net.
17:18 of 1st period - Snap shot by Jimmy Vesey.
17:18 of 1st period - Shot Blocked by Griffin Reinhart.
17:20 of 1st period - Backhand shot by Mathieu Carle.
17:20 of 1st period - Deflect By Jimmy Vesey.
17:20 of 1st period - Stopped by Jason Missiaen with a rebound.
17:22 of 1st period - Slapshot by Mathieu Carle.
17:22 of 1st period - Stopped by Jason Missiaen with a rebound.
18:11 of 1st period - Minor Penalty to Pontus Aberg for Hooking.
18:12 of 1st period - Max Reinhart wins face-off versus Zac Dalpe in Remparts zone.
18:25 of 1st period - Minor Penalty to Mathieu Carle for Hooking.
18:26 of 1st period - Zac Dalpe wins face-off versus Max Reinhart in Influenza zone.
18:31 of 1st period - Wrist shot by Mark Olver.
18:31 of 1st period - Stopped by Jason Missiaen with a rebound.
19:18 of 1st period - Snap shot by Jimmy Vesey.
19:18 of 1st period - Stopped by Jason Missiaen with a rebound.
19:20 of 1st period - Wrist shot by Dmitry Sinitsyn.
19:20 of 1st period - Stopped by Jason Missiaen without a rebound.
19:21 of 1st period - Max Reinhart wins face-off versus Zac Dalpe in Remparts zone.
19:26 of 1st period - Snap shot by Erik Gustafsson.
19:26 of 1st period - Shot Misses the Net.
19:40 of 1st period - Ryan Strome is hit by Dmitry Sinitsyn and loses puck.
Goals for this period are 0 for Remparts vs 3 for Influenza.
Shots for this period are 7 for Remparts vs 25 for Influenza.
2nd period
0:01 of 2nd period - Zac Dalpe wins face-off versus Max Reinhart in neutral zone.
0:11 of 2nd period - Penalty to Pontus Aberg is over, Pontus Aberg is back on ice.
0:25 of 2nd period - Penalty to Mathieu Carle is over, Mathieu Carle is back on ice.
1:00 of 2nd period - Icing by Calvin de Haan.
1:01 of 2nd period - Jordan Schroeder wins face-off versus Max Reinhart in Influenza zone.
1:06 of 2nd period - Slapshot by Calvin de Haan.
1:06 of 2nd period - Shot Blocked by Niklas Hansson.
1:08 of 2nd period - Snap shot by Jordan Schroeder.
1:08 of 2nd period - Stopped by Jason Missiaen with a rebound.
1:10 of 2nd period - Slapshot by Dmitry Sinitsyn.
1:10 of 2nd period - Stopped by Jason Missiaen without a rebound.
1:11 of 2nd period - Max Reinhart wins face-off versus Justin Bailey in Remparts zone.
1:11 of 2nd period - Max Reinhart is hit by Lucas Lessio.
1:19 of 2nd period - Snap shot by Nail Yakupov.
1:19 of 2nd period - Stopped by Tyson Sexsmith with a rebound.
1:37 of 2nd period - Brandon Mashinter is hit by Jimmy Vesey and loses puck.
1:56 of 2nd period - Snap shot by Justin Williams.
1:56 of 2nd period - Stopped by Tyson Sexsmith with a rebound.
2:06 of 2nd period - Snap shot by Justin Williams.
2:06 of 2nd period - Goal by Justin Williams - Remparts : 1 - Influenza : 3.
2:07 of 2nd period - Zac Dalpe wins face-off versus Max Reinhart in neutral zone.
2:20 of 2nd period - Slapshot by Brandon Gormley.
2:20 of 2nd period - Deflect By Calvin de Haan.
2:20 of 2nd period - Stopped by Tyson Sexsmith without a rebound.
2:21 of 2nd period - Jake Guentzel wins face-off versus Max Reinhart in Influenza zone.
2:32 of 2nd period - Wrist shot by Jimmy Vesey.
2:32 of 2nd period - Shot Misses the Net.
2:34 of 2nd period - Slapshot by Jake Guentzel.
2:34 of 2nd period - Shot Misses the Net.
2:36 of 2nd period - Slapshot by Anthony Mantha.
2:36 of 2nd period - Deflect By Jimmy Vesey.
2:36 of 2nd period - Shot Misses the Net.
2:36 of 2nd period - Puck is out of play.
2:37 of 2nd period - Zac Dalpe wins face-off versus Ryan Strome in Remparts zone.
2:50 of 2nd period - Snap shot by Daniel Paille.
2:50 of 2nd period - Stopped by Tyson Sexsmith with a rebound.
2:52 of 2nd period - Backhand shot by Brandon Gormley.
2:52 of 2nd period - Shot Blocked by Mathieu Carle.
3:04 of 2nd period - Pontus Aberg is hit by Calvin de Haan.
3:50 of 2nd period - Snap shot by Mitchell Heard.
3:50 of 2nd period - Shot Misses the Net.
3:52 of 2nd period - Slapshot by Michal Jordan.
3:52 of 2nd period - Stopped by Tyson Sexsmith with a rebound.
4:02 of 2nd period - Dmitry Sinitsyn is hit by Ryan Strome and loses puck.
4:47 of 2nd period - Wrist shot by Pontus Aberg.
4:47 of 2nd period - Shot Misses the Net.
4:49 of 2nd period - Slapshot by Griffin Reinhart.
4:49 of 2nd period - Shot Blocked by Paul Ladue.
4:51 of 2nd period - Wrist shot by Nail Yakupov.
4:51 of 2nd period - Deflect By Max Reinhart.
4:51 of 2nd period - Shot Misses the Net.
4:51 of 2nd period - Puck is out of play.
4:52 of 2nd period - Jake Guentzel wins face-off versus Brandon Mashinter in Influenza zone.
4:52 of 2nd period - Jake Guentzel is hit by Daniel Paille.
5:05 of 2nd period - Slapshot by Brandon Gormley.
5:05 of 2nd period - Shot Misses the Net.
5:07 of 2nd period - Slapshot by Daniel Paille.
5:07 of 2nd period - Deflect By Brandon Mashinter.
5:07 of 2nd period - Shot Blocked by Jake Guentzel.
5:07 of 2nd period - Puck is out of play.
5:08 of 2nd period - Zac Dalpe wins face-off versus Matt Puempel in Influenza zone.
6:15 of 2nd period - Snap shot by Mitchell Heard.
6:15 of 2nd period - Stopped by Tyson Sexsmith with a rebound.
6:17 of 2nd period - Wrist shot by Mitchell Heard.
6:17 of 2nd period - Shot Misses the Net.
6:54 of 2nd period - Snap shot by Johan Larsson.
6:54 of 2nd period - Deflect By Jordan Schroeder.
6:54 of 2nd period - Stopped by Jason Missiaen with a rebound.
7:14 of 2nd period - Brandon Mashinter is hit by Jake Guentzel and loses puck.
7:57 of 2nd period - Icing by Mark Olver.
7:58 of 2nd period - Mark Olver wins face-off versus Brandon Mashinter in Influenza zone.
8:09 of 2nd period - Snap shot by Tom Kuhnhackl.
8:09 of 2nd period - Stopped by Jason Missiaen without a rebound.
8:10 of 2nd period - Jake Guentzel wins face-off versus Max Reinhart in Remparts zone.
8:35 of 2nd period - Lucas Lessio is hit by Ryan Strome.
8:46 of 2nd period - Slapshot by Brandon Gormley.
8:46 of 2nd period - Shot Blocked by Zac Dalpe.
9:39 of 2nd period - Slapshot by Mathieu Carle.
9:39 of 2nd period - Deflect By Anthony Mantha.
9:39 of 2nd period - Shot Misses the Net.
9:39 of 2nd period - Puck is out of play.
9:40 of 2nd period - Brandon Mashinter wins face-off versus Jake Guentzel in Remparts zone.
10:05 of 2nd period - Tom Kuhnhackl is hit by Erik Gustafsson and loses puck.
10:32 of 2nd period - Snap shot by Justin Williams.
10:32 of 2nd period - Shot Blocked by Tim Erixon.
10:38 of 2nd period - Wrist shot by Justin Williams.
10:38 of 2nd period - Shot Hit the Post.
10:44 of 2nd period - Justin Williams is hit by Paul Ladue and loses puck.
11:41 of 2nd period - Max Reinhart is hit by Andre Burakovsky and loses puck.
11:56 of 2nd period - Wrist shot by Jordan Schroeder.
11:56 of 2nd period - Shot Blocked by Matt Puempel.
12:02 of 2nd period - Jordan Schroeder is hit by Brandon Gormley and loses puck.
12:13 of 2nd period - Snap shot by Griffin Reinhart.
12:13 of 2nd period - Shot Blocked by Jake Guentzel.
12:15 of 2nd period - Slapshot by Roberts Lipsbergs.
12:15 of 2nd period - Stopped by Tyson Sexsmith without a rebound.
12:16 of 2nd period - Anthony Mantha wins face-off versus Mitchell Heard in Influenza zone.
13:03 of 2nd period - Dmitry Sinitsyn is hit by Niklas Hansson.
13:50 of 2nd period - Jeff Corbett is hit by Ryan Strome and loses puck.
14:44 of 2nd period - Nail Yakupov is hit by Paul Ladue and loses puck.
14:59 of 2nd period - Wrist shot by Daniel Paille.
14:59 of 2nd period - Shot Misses the Net.
15:01 of 2nd period - Wrist shot by Erik Gustafsson.
15:01 of 2nd period - Deflect By Daniel Paille.
15:01 of 2nd period - Stopped by Tyson Sexsmith with a rebound.
15:03 of 2nd period - Slapshot by Erik Gustafsson.
15:03 of 2nd period - Deflect By Mathieu Carle.
15:03 of 2nd period - Stopped by Tyson Sexsmith with a rebound.
15:05 of 2nd period - Wrist shot by Brandon Mashinter.
15:05 of 2nd period - Stopped by Tyson Sexsmith with a rebound.
15:40 of 2nd period - Icing by Andre Burakovsky.
15:41 of 2nd period - Mark Olver wins face-off versus Max Reinhart in Influenza zone.
15:41 of 2nd period - Mark Olver is hit by Max Reinhart.
16:15 of 2nd period - Wrist shot by Andre Burakovsky.
16:15 of 2nd period - Shot Blocked by Nail Yakupov.
16:27 of 2nd period - Nail Yakupov is hit by Andre Burakovsky and loses puck.
16:35 of 2nd period - Backhand shot by Tom Kuhnhackl.
16:35 of 2nd period - Shot Blocked by Max Reinhart.
16:37 of 2nd period - Slapshot by Andre Burakovsky.
16:37 of 2nd period - Stopped by Jason Missiaen with a rebound.
16:39 of 2nd period - Slapshot by Andre Burakovsky.
16:39 of 2nd period - Stopped by Jason Missiaen with a rebound.
16:41 of 2nd period - Snap shot by Andre Burakovsky.
16:41 of 2nd period - Deflect By Tom Kuhnhackl.
16:41 of 2nd period - Shot Misses the Net.
16:41 of 2nd period - Puck is out of play.
16:42 of 2nd period - Jake Guentzel wins face-off versus Brandon Mashinter in Remparts zone.
16:57 of 2nd period - Slapshot by Ryan Strome.
16:57 of 2nd period - Deflect By Brandon Mashinter.
16:57 of 2nd period - Shot Misses the Net.
16:57 of 2nd period - Puck is out of play.
16:58 of 2nd period - Chris Mueller wins face-off versus Lucas Lessio in Influenza zone.
17:01 of 2nd period - Slapshot by Justin Williams.
17:01 of 2nd period - Shot Misses the Net.
17:03 of 2nd period - Slapshot by Justin Williams.
17:03 of 2nd period - Shot Misses the Net.
17:11 of 2nd period - Slapshot by Brandon Gormley.
17:11 of 2nd period - Shot Misses the Net.
17:13 of 2nd period - Snap shot by Chris Mueller.
17:13 of 2nd period - Shot Misses the Net.
17:19 of 2nd period - Minor Penalty to Zac Dalpe for Holding.
17:20 of 2nd period - Andre Burakovsky wins face-off versus Max Reinhart in Influenza zone.
19:19 of 2nd period - Penalty to Zac Dalpe is over, Zac Dalpe is back on ice.
Goals for this period are 1 for Remparts vs 0 for Influenza.
Shots for this period are 11 for Remparts vs 6 for Influenza.
3rd period
0:01 of 3rd period - Jake Guentzel wins face-off versus Max Reinhart in neutral zone.
0:41 of 3rd period - Wrist shot by Lucas Lessio.
0:41 of 3rd period - Stopped by Jason Missiaen with a rebound.
0:43 of 3rd period - Wrist shot by Justin Bailey.
0:43 of 3rd period - Stopped by Jason Missiaen with a rebound.
1:28 of 3rd period - Minor Penalty to Dmitry Sinitsyn for Roughing.
1:29 of 3rd period - Max Reinhart wins face-off versus Zac Dalpe in Influenza zone.
1:45 of 3rd period - Slapshot by Brandon Gormley.
1:45 of 3rd period - Shot Misses the Net.
2:11 of 3rd period - Snap shot by Ryan Strome.
2:11 of 3rd period - Goal by Ryan Strome - Remparts : 2 - Influenza : 3.
2:12 of 3rd period - Max Reinhart wins face-off versus Jake Guentzel in neutral zone.
2:15 of 3rd period - Jimmy Vesey is hit by Max Reinhart and loses puck.
2:22 of 3rd period - Snap shot by Pontus Aberg.
2:22 of 3rd period - Shot Misses the Net.
2:24 of 3rd period - Wrist shot by Max Reinhart.
2:24 of 3rd period - Shot Misses the Net.
2:26 of 3rd period - Wrist shot by Nail Yakupov.
2:26 of 3rd period - Shot Blocked by Paul Ladue.
2:38 of 3rd period - Brandon Mashinter is hit by Lucas Lessio.
3:08 of 3rd period - Wrist shot by Andre Burakovsky.
3:08 of 3rd period - Shot Blocked by Matt Puempel.
3:39 of 3rd period - Wrist shot by Andre Burakovsky.
3:39 of 3rd period - Stopped by Jason Missiaen with a rebound.
3:41 of 3rd period - Minor Penalty to Michal Jordan for Hooking.
3:42 of 3rd period - Zac Dalpe wins face-off versus Max Reinhart in Remparts zone.
3:47 of 3rd period - Slapshot by Calvin de Haan.
3:47 of 3rd period - Shot Misses the Net.
4:27 of 3rd period - Jimmy Vesey is hit by Nail Yakupov and loses puck.
4:58 of 3rd period - Icing by Mark Olver.
4:59 of 3rd period - Lucas Lessio wins face-off versus Mitchell Heard in Influenza zone.
5:29 of 3rd period - Icing by Mathieu Carle.
5:30 of 3rd period - Max Reinhart wins face-off versus Mark Olver in Influenza zone.
5:31 of 3rd period - Wrist shot by Daniel Paille.
5:31 of 3rd period - Shot Misses the Net.
5:41 of 3rd period - Penalty to Michal Jordan is over, Michal Jordan is back on ice.
6:17 of 3rd period - Roberts Lipsbergs is hit by Jeff Corbett and loses puck.
6:24 of 3rd period - Justin Bailey is hit by Roberts Lipsbergs and loses puck.
6:50 of 3rd period - Icing by Max Reinhart.
6:51 of 3rd period - Tom Kuhnhackl wins face-off versus Max Reinhart in Remparts zone.
7:01 of 3rd period - Off-side.
7:02 of 3rd period - Jake Guentzel wins face-off versus Brandon Mashinter in neutral zone.
7:37 of 3rd period - Slapshot by Griffin Reinhart.
7:37 of 3rd period - Shot Misses the Net.
8:51 of 3rd period - Slapshot by Griffin Reinhart.
8:51 of 3rd period - Shot Misses the Net.
9:15 of 3rd period - Snap shot by Chris Mueller.
9:15 of 3rd period - Shot Blocked by Andre Burakovsky.
9:17 of 3rd period - Slapshot by Griffin Reinhart.
9:17 of 3rd period - Stopped by Tyson Sexsmith without a rebound.
9:18 of 3rd period - Brandon Mashinter wins face-off versus Jake Guentzel in Influenza zone.
9:56 of 3rd period - Lucas Lessio is hit by Pontus Aberg and loses puck.
10:13 of 3rd period - Slapshot by Anton Zlobin.
10:13 of 3rd period - Shot Misses the Net.
10:15 of 3rd period - Wrist shot by Roberts Lipsbergs.
10:15 of 3rd period - Shot Misses the Net.
10:23 of 3rd period - Anton Zlobin is hit by Zac Dalpe and loses puck.
10:28 of 3rd period - Wrist shot by Lucas Lessio.
10:28 of 3rd period - Stopped by Jason Missiaen with a rebound.
10:34 of 3rd period - Slapshot by Zac Dalpe.
10:34 of 3rd period - Deflect By Lucas Lessio.
10:34 of 3rd period - Shot Blocked by Roberts Lipsbergs.
10:34 of 3rd period - Puck is out of play.
10:35 of 3rd period - Max Reinhart wins face-off versus Jake Guentzel in Remparts zone.
10:35 of 3rd period - Max Reinhart is hit by Jimmy Vesey.
10:50 of 3rd period - Snap shot by Jake Guentzel.
10:50 of 3rd period - Stopped by Jason Missiaen with a rebound.
11:00 of 3rd period - Andre Burakovsky is hit by Niklas Hansson and loses puck.
11:01 of 3rd period - Andre Burakovsky from Influenza is injured at 11:01 of 3rd period (Strained Right Elbow).
11:02 of 3rd period - Jake Guentzel wins face-off versus Pontus Aberg in Influenza zone.
11:13 of 3rd period - Snap shot by Jimmy Vesey.
11:13 of 3rd period - Shot Blocked by Nail Yakupov.
11:27 of 3rd period - Brandon Mashinter is hit by Zac Dalpe and loses puck.
12:10 of 3rd period - Slapshot by Paul Ladue.
12:10 of 3rd period - Stopped by Jason Missiaen with a rebound.
12:12 of 3rd period - Wrist shot by Anthony Mantha.
12:12 of 3rd period - Shot Misses the Net.
13:26 of 3rd period - Off-side.
13:27 of 3rd period - Mark Olver wins face-off versus Max Reinhart in neutral zone.
14:12 of 3rd period - Icing by Jake Guentzel.
14:13 of 3rd period - Chris Mueller wins face-off versus Zac Dalpe in Influenza zone.
14:14 of 3rd period - Wrist shot by Justin Williams.
14:14 of 3rd period - Stopped by Tyson Sexsmith with a rebound.
14:24 of 3rd period - Wrist shot by Zac Dalpe.
14:24 of 3rd period - Deflect By Lucas Lessio.
14:24 of 3rd period - Shot Misses the Net.
14:24 of 3rd period - Puck is out of play.
14:25 of 3rd period - Max Reinhart wins face-off versus Jake Guentzel in Remparts zone.
15:14 of 3rd period - Justin Bailey is hit by Chris Mueller and loses puck.
15:23 of 3rd period - Icing by Justin Williams.
15:24 of 3rd period - Jake Guentzel wins face-off versus Chris Mueller in Remparts zone.
15:27 of 3rd period - Snap shot by Jake Guentzel.
15:27 of 3rd period - Shot Misses the Net.
15:29 of 3rd period - Snap shot by Jake Guentzel.
15:29 of 3rd period - Goal by Jake Guentzel - Remparts : 2 - Influenza : 4.
15:30 of 3rd period - Anthony Mantha wins face-off versus Max Reinhart in neutral zone.
15:52 of 3rd period - Penalty Shot by Jake Guentzel for Influenza.
15:52 of 3rd period - Wrist shot by Jake Guentzel.
15:52 of 3rd period - Shot Misses the Net.
15:53 of 3rd period - Chris Mueller wins face-off versus Mark Olver in Influenza zone.
16:21 of 3rd period - Minor Penalty to Tim Erixon for Holding.
16:22 of 3rd period - Zac Dalpe wins face-off versus Max Reinhart in Influenza zone.
16:22 of 3rd period - Zac Dalpe is hit by Max Reinhart.
16:36 of 3rd period - Slapshot by Erik Gustafsson.
16:36 of 3rd period - Shot Misses the Net.
16:48 of 3rd period - Zac Dalpe is hit by Erik Gustafsson and loses puck.
18:21 of 3rd period - Penalty to Tim Erixon is over, Tim Erixon is back on ice.
18:23 of 3rd period - Mark Olver is hit by Brandon Mashinter and loses puck.
18:34 of 3rd period - Slapshot by Paul Ladue.
18:34 of 3rd period - Deflect By Jake Guentzel.
18:34 of 3rd period - Shot Misses the Net.
18:34 of 3rd period - Puck is out of play.
18:35 of 3rd period - Chris Mueller wins face-off versus Jimmy Vesey in Remparts zone.
19:25 of 3rd period - Paul Ladue is hit by Michal Jordan and loses puck.
Goals for this period are 1 for Remparts vs 1 for Influenza.
Shots for this period are 3 for Remparts vs 7 for Influenza.
Back to the Top